 Dungeon Crawl Stone Soup version 0.30.0-17-ge0270778cf (webtiles) character file.

Game seed: 2795248577098931442

397 cheesebisquit the Grave Robber (level 6, -2/51 HPs)
             Began as a Ghoul Necromancer on May 21, 2023.
             Slain by an ogre
             ... wielding a +0 giant club
              (12 damage)
             ... on level 5 of the Dungeon.
             The game lasted 00:14:34 (4314 turns).

cheesebisquit the Grave Robber (Ghoul Necromancer)  Turns: 4314, Time: 00:14:34

Health: -2/51      AC:  7    Str: 12    XL:     6   Next: 83%
Magic:  3/9        EV: 12    Int: 12    God:
Gold:   246        SH:  0    Dex:  9    Spells: 10/11 levels left

rFire   . .          .
                       - Unarmed
rCold   + . .        (no shield)
rNeg    + + +        a - +1 robe
rPois   ∞            (no helmet)
rElec   .            (no cloak)
rCorr   .            (no gloves)
SInv    +            (no boots)
Will    .....        (no amulet)
Stlth   ++           c - +4 ring of protection
HPRegen 0.00/turn    i - ring of see invisible
MPRegen 0.11/turn

%: no passive effects
@: inhibited regen
A: claws 1, cold resistance 1, negative energy resistance 3, inhibited
regeneration, torment resistance 2, devour on kill
a: no special abilities


You were on level 5 of the Dungeon.
You visited 1 branch of the dungeon, and saw 5 of its levels.

You collected 246 gold pieces.

Inventory:

Armour
 a - a +1 robe (worn)
Jewellery
 c - a +4 ring of protection (left claw)
 i - a ring of see invisible (right claw)
Wands
 n - a wand of flame (13)
Scrolls
 d - 2 scrolls of fear
 e - a scroll of poison {unknown}
 k - a scroll of enchant armour
 m - a scroll of blinking
Potions
 f - a potion of ambrosia
 g - a potion of curing
 h - a potion of might
 j - a potion of brilliance {unknown}


   Skills:
 + Level 3.5 Fighting
 - Level 1.7 Dodging
 - Level 2.1 Stealth
 + Level 3.3 Unarmed Combat
 + Level 3.3 Spellcasting
 + Level 5.2 Necromancy


You had 10 spell levels left.
You knew the following spells:

 Your Spells              Type           Power      Damage    Failure   Level
a - Necrotise             Necr           56%        1d6       2%          1

Your spell library contained the following spells:

 Spells                   Type           Power      Damage    Failure   Level
 Vampiric Draining        Necr           14%        2d7       9%          3
 Sandblast                Erth           2%         2d4       24%         1
 Animate Dead             Necr           14%        N/A       28%         4
 Blink                    Tloc           2%         N/A       36%         2
 Ensorcelled Hibernation  Hex/Ice        2%         N/A       36%         2
 Passwall                 Tmut/Erth      0%         N/A       36%         2
 Hailstorm                Conj/Ice       1%         3d3       58%         3
 Swiftness                Air            1%         N/A       58%         3
 Agony                    Necr           14%        N/A       61%         5
 Borgnjor's Vile Clutch   Necr/Erth      4%         N/A       92%         5
 Manifold Assault         Tloc           1%         N/A       94%         4
 Death Channel            Necr           7%         N/A       99%         6
 Simulacrum               Ice/Necr       4%         N/A       100%        6
 Ice Form                 Ice/Tmut       Unusable   N/A       N/A         4
 Storm Form               Tmut/Air       Unusable   N/A       N/A         7

Dungeon Overview and Level Annotations

Branches:
Dungeon (5/15)
 Temple: D:4-7

Altars:
Ashenzari
Dithmenos
Fedhas
Ru
Yredelemnul
Lugonu

Shops:
D:1 *

Portals:
Abyss: D:4

Annotations:
D:4 2 runed translucent doors


Innate Abilities, Weirdness & Mutations

You are immune to poison.
You have sharp fingernails.
Your flesh is cold resistant. (rC+)
You are immune to negative energy. (rN+++)
You do not regenerate when monsters are visible.
You are immune to unholy pain and torment.
You thrive by killing the living.


Message History

The kobold shouts!
Could not explore, unopened runed door.
Press: ? - help, . - travel, g - get item You can't see that place. [Stash: a book of Blasting] [the floor.]
You can't go down here!
There is a stone staircase leading down here.
You climb downwards.
The ogre shouts!
There is a stone staircase leading up here.
The ogre writhes in agony.
The ogre hits you with a +0 giant club!!
Ouch! That really hurt!
You are too injured to fight recklessly!
Aiming: Necrotise (safe; 2% risk of failure)
Press: ? - help, Q - select action, (/) - cycle Shift-Dir - straight line, f/p - ogre
Aim: an ogre, wielding a +0 giant club (lightly wounded, chance to affect: 71%)
The ogre writhes in agony.
Aiming: Necrotise (safe; 2% risk of failure)
Press: ? - help, Q - select action, (/) - cycle Shift-Dir - straight line, f/p - ogre
Aim: an ogre, wielding a +0 giant club (moderately wounded, chance to affect: 71%)
The ogre struggles to resist.
The ogre hits you with a +0 giant club!
* * * LOW HITPOINT WARNING * * *
Aiming: Necrotise (safe; 2% risk of failure)
Press: ? - help, Q - select action, (/) - cycle Shift-Dir - straight line, f/p - ogre
Aim: an ogre, wielding a +0 giant club (moderately wounded, chance to affect: 71%)
The ogre struggles to resist.
The ogre misses you.
Aiming: Necrotise (safe; 2% risk of failure)
Press: ? - help, Q - select action, (/) - cycle Shift-Dir - straight line, f/p - ogre
Aim: an ogre, wielding a +0 giant club (moderately wounded, chance to affect: 71%)
The ogre struggles to resist.
Aiming: Necrotise (safe; 2% risk of failure)
Press: ? - help, Q - select action, (/) - cycle Shift-Dir - straight line, f/p - ogre
Aim: an ogre, wielding a +0 giant club (moderately wounded, chance to affect: 71%)
The ogre writhes in agony.
The ogre hits you with a +0 giant club!
You die...

#. ##.##
#...# #....
...####..
......
..######..#
.......@O.#
.########.#
.# .# .# ..
.. ..


You could see an ogre.

Vanquished Creatures
  A scorpion (D:4)
  A howler monkey (D:4)
  2 hounds (D:4)
  An orc priest (D:4)
  An iguana (D:4)
  Natasha (thrice) (D:3)
  3 adders
  2 worms
  2 dart slugs
  3 orcs
  6 endoplasms
  2 giant cockroaches
  6 goblins
  8 hobgoblins
  5 kobolds
  2 quokkas
  7 ball pythons
  4 bats
  A frilled lizard (D:1)
  7 rats (D:1)
67 creatures vanquished.

Vanquished Creatures (collateral kills)
  An adder (D:4)
  A ball python (D:1)
  A goblin (D:3)
  A frilled lizard (D:3)
4 creatures vanquished.

Grand Total: 71 creatures vanquished

Notes
Turn   | Place    | Note
-------+----------+-------------------------------------------
     0 | D:1      | cheesebisquit the Ghoul Necromancer began the quest for the
                  | Orb.
     0 | D:1      | Reached XP level 1. HP: 14/14 MP: 2/2
   199 | D:1      | Reached XP level 2. HP: 22/22 MP: 0/3
   434 | D:1      | Reached skill level 1 in Fighting
   447 | D:1      | Reached skill level 1 in Unarmed Combat
   537 | D:1      | Found Qynn's Assorted Antiques.
   740 | D:1      | Reached XP level 3. HP: 28/28 MP: 2/5
  1221 | D:2      | Reached XP level 4. HP: 29/36 MP: 0/6
  1951 | D:3      | Found a basalt altar of Yredelemnul.
  2039 | D:3      | Found a blossoming altar of Fedhas.
  2213 | D:3      | Noticed Natasha
  2225 | D:3      | Killed Natasha
  2293 | D:3      | Noticed Natasha
  2302 | D:3      | Killed Natasha
  2303 | D:3      | Reached XP level 5. HP: 35/42 MP: 0/7
  2494 | D:3      | Found a faded altar of an unknown god.
  2504 | D:3      | Noticed Natasha
  2528 | D:3      | Killed Natasha
  2687 | D:3      | Found a sacrificial altar of Ru.
  2899 | D:4      | Found a broken altar of Ashenzari.
  3140 | D:4      | Found a shadowy altar of Dithmenos.
  3172 | D:4      | Reached XP level 6. HP: 45/50 MP: 0/9
  3280 | D:4      | Reached skill level 5 in Necromancy
  3759 | D:4      | Found a one-way gate to the infinite horrors of the Abyss.
  3810 | D:4      | Found a large runed translucent door.
  3811 | D:4      | Found a large runed translucent door.
  3813 | D:4      | Found a corrupted altar of Lugonu.
  4307 | D:5      | Entered Level 5 of the Dungeon
  4314 | D:5      | Slain by an ogre

Illustrated notes

Levels and vault maps discovered:
D:1:      saegor_arrival_simple_a, layout_rooms, serial_shops, shop,
          nrook_mini_backslash, minivault_25
D:2:      layout_loops_ring, minmay_pentomino_q2
D:3:      layout_rooms, mainiacjoe_overflow_concentric_impassable,
          yredelemnul_altar_generic, gammafunk_temple_overflow_wave,
          shapermc_ecumenical_altar_rom_forum, uniq_natasha
D:4:      due_chaos_kobolds, layout_loops_ring, mainiacjoe_overflow_paths,
          kennysheep_mini
D:5:      layout_loops_ring, mainiacjoe_overflow_catwalk,
          minmay_temple_entry_junction, amcnicky_mini_rare_corridor_liquid,
          uniq_eustachio

Skill      XL: |  1  2  3  4  5  6 |
---------------+-------------------+-----
Spellcasting   | 2 3 |  3.3
Fighting       | 1 2 3 |  3.5
Unarmed Combat | 1 2 3 |  3.3
Necromancy     | 5 |  5.2
Dodging        | |  1.7
Stealth        | |  2.1

Action                     |  1- 3 |  4- 6 || total
---------------------------+-------+-------++-------
  Melee: Unarmed           |    31 |    31 ||    62
         Punch             |       |     1 ||     1
   Cast: Necrotise         |    60 |   131 ||   191
    Use: Potion            |       |     3 ||     3
         Scroll            |       |     7 ||     7
 Armour: Robe              |    17 |    30 ||    47
  Dodge: Dodged            |    35 |    46 ||    81
